CAL (WIN)
HIGH DESERT MAVERICKS @ RANCHO CUCAMONGA QUAKES
12/13/2046
 
TOP OF THE 1ST
High Desert Mavericks batting - Pitching for Rancho Cucamonga Quakes : LHP J.P. Blair
Pitching: LHP J.P. Blair
Batting: RHB Steve Haskins 0-0: Ball
1-0: Foul Ball, location: 2F
1-1: Ball
2-1: Ball
3-1: Ground out 4-3 (Groundball, 4, EV 107.5 MPH)
Batting: RHB Reilly Hawkins 0-0: Ball
1-0: Called Strike
1-1: Ball
2-1: Ball
3-1: Foul Ball, location: 2F
3-2: Ground out 3-1 (Groundball, 34, EV 106.2 MPH)
Batting: RHB Vinny Luna 0-0: Called Strike
0-1: Swinging Strike
0-2: Ball
1-2: Strikes out looking
Top of the 1st over - 0 runs, 0 hits, 0 errors, 0 left on base; High Desert 0 - Rancho Cucamonga 0
BOTTOM OF THE 1ST
Rancho Cucamonga Quakes batting - Pitching for High Desert Mavericks : RHP Chris Wood
Pitching: RHP Chris Wood
Batting: RHB Daniel Samano 0-0: Ball
1-0: SINGLE (Groundball, 56, EV 106.2 MPH) (infield hit)
Batting: RHB John Piccolo 0-0: Foul Ball, location: 2F
0-1: Ball
Daniel Samano steals 2nd base (no throw)
1-1: Ball
2-1: SINGLE (Line Drive, 89S, EV 100.6 MPH)
Daniel Samano to third
Runner from 3rd tries for Home, SAFE, throw by RF to home
John Piccolo to second
Batting: RHB Jorge Benites 0-0: Foul Ball, location: 2F
0-1: Foul Ball, location: 2F
0-2: Foul Ball, location: 2F
0-2: Ball
1-2: Ball
2-2: Hit by Pitch
Batting: RHB Ryan Alban 0-0: Ball
1-0: Foul Ball, location: 2F
1-1: Grounds into double play, 6-4-3 (Groundball, 6, EV 85.6 MPH)
John Piccolo to third
Batting: RHB Steve Perez 0-0: Ball
1-0: Foul Ball, location: 2F
1-1: Swinging Strike
1-2: Strikes out swinging
Bottom of the 1st over - 1 run, 2 hits, 0 errors, 1 left on base; High Desert 0 - Rancho Cucamonga 1
TOP OF THE 2ND
High Desert Mavericks batting - Pitching for Rancho Cucamonga Quakes : LHP J.P. Blair
Batting: RHB David Fernandez 0-0: Called Strike
0-1: Swinging Strike
0-2: Ball
1-2: Foul Ball, location: 2F
1-2: Foul Ball, location: 2F
1-2: Strikes out swinging
Batting: RHB Jason Swisher 0-0: Called Strike
0-1: Ball
1-1: Fly out, F8 (Flyball, 8LM, EV 94.4 MPH)
Batting: RHB Luis Reyna 0-0: Foul Ball, location: 2F
0-1: Called Strike
0-2: Ball
1-2: Ground out 1-3 (Groundball, 15S, EV 76.2 MPH)
Top of the 2nd over - 0 runs, 0 hits, 0 errors, 0 left on base; High Desert 0 - Rancho Cucamonga 1
BOTTOM OF THE 2ND
Rancho Cucamonga Quakes batting - Pitching for High Desert Mavericks : RHP Chris Wood
Batting: RHB Tommie Lee 0-0: Called Strike
0-1: Called Strike
0-2: Ball
1-2: Ball
2-2: Foul Ball, location: 2F
2-2: Foul Ball, location: 2F
2-2: Strikes out looking
Batting: RHB Steven Romanovsky 0-0: Ball
1-0: Called Strike
1-1: Fly out, F3 (Popup, 3F, EV 79.4 MPH)
Batting: SHB Justin Toth 0-0: Foul Ball, location: 2F
0-1: Ball
1-1: Foul Ball, location: 2F
1-2: Ball
2-2: Ball
3-2: Fly out, F6 (Line Drive, 4, EV 71.2 MPH)
Bottom of the 2nd over - 0 runs, 0 hits, 0 errors, 0 left on base; High Desert 0 - Rancho Cucamonga 1
TOP OF THE 3RD
High Desert Mavericks batting - Pitching for Rancho Cucamonga Quakes : LHP J.P. Blair
Batting: RHB Andres Valles 0-0: Called Strike
0-1: Ball
1-1: Foul Ball, location: 2F
1-2: Foul Ball, location: 2F
1-2: Foul Ball, location: 2F
1-2: Strikes out looking
Batting: RHB Zach Koblinski 0-0: Ball
1-0: Ball
2-0: Ball
3-0: Called Strike
3-1: Base on Balls
Batting: RHB Nick Solberg 0-0: Foul Ball, location: 2F
0-1: SINGLE (Line Drive, 89S, EV 101.9 MPH)
Zach Koblinski to second
Batting: RHB Steve Haskins 0-0: SINGLE (Groundball, 56D, EV 110.0 MPH)
Zach Koblinski to third
Nick Solberg to second
Batting: RHB Reilly Hawkins 0-0: Ball
1-0: Ball
2-0: Ball
3-0: Called Strike
3-1: Base on Balls
Zach Koblinski scores
Nick Solberg to third
Steve Haskins to second
Batting: RHB Vinny Luna 0-0: Fly out, F2 (Popup, 3SF, EV 80.0 MPH)
Batting: RHB David Fernandez 0-0: Ball
1-0: SINGLE (Groundball, 56, EV 95.0 MPH)
Nick Solberg scores
Steve Haskins to third
Reilly Hawkins to second
Runner from 3rd tries for Home, SAFE, throw by LF to home
Reilly Hawkins to third
David Fernandez to second
Batting: RHB Jason Swisher 0-0: Ground out 4-3 (Groundball, 4, EV 93.1 MPH)
Top of the 3rd over - 3 runs, 3 hits, 0 errors, 2 left on base; High Desert 3 - Rancho Cucamonga 1
BOTTOM OF THE 3RD
Rancho Cucamonga Quakes batting - Pitching for High Desert Mavericks : RHP Chris Wood
Batting: RHB Mike Dodson 0-0: Ball
1-0: Ball
2-0: Ball
3-0: Called Strike
3-1: Base on Balls
Batting: RHB Daniel Samano 0-0: Ball
1-0: Ball
2-0: Called Strike
2-1: Swinging Strike
2-2: Strikes out swinging
Batting: RHB John Piccolo 0-0: Called Strike
0-1: Ground out 4-3 (Groundball, 34S, EV 80.6 MPH)
Mike Dodson to second
Batting: RHB Jorge Benites 0-0: Called Strike
0-1: Ball
1-1: Ball
2-1: Foul Ball, location: 2F
2-2: Ball
3-2: Base on Balls
Batting: RHB Ryan Alban 0-0: Ball
1-0: Ball
2-0: Foul Ball, location: 2F
2-1: Swinging Strike
2-2: Strikes out swinging
Bottom of the 3rd over - 0 runs, 0 hits, 0 errors, 2 left on base; High Desert 3 - Rancho Cucamonga 1
TOP OF THE 4TH
High Desert Mavericks batting - Pitching for Rancho Cucamonga Quakes : LHP J.P. Blair
Batting: RHB Luis Reyna 0-0: Ball
1-0: Foul Ball, location: 2F
1-1: Ball
2-1: DOUBLE (Line Drive, 7LM, EV 91.2 MPH)
Batting: RHB Andres Valles 0-0: Intentional Walk
Batting: RHB Zach Koblinski 0-0: Called Strike
0-1: Called Strike
0-2: Ball
1-2: Ball
2-2: Fielders Choice at 2nd, 6-4 (Groundball, 56, EV 82.5 MPH)
Luis Reyna to third
Batting: RHB Nick Solberg 0-0: DOUBLE (Line Drive, 89D, EV 105.6 MPH)
Luis Reyna scores
Zach Koblinski to third
Batting: RHB Steve Haskins 0-0: Ball
1-0: Ball
2-0: Ball
3-0: Called Strike
3-1: Base on Balls
Batting: RHB Reilly Hawkins 0-0: Called Strike
0-1: Grounds into fielders choice 1-2 (Groundball, 15S, EV 65.0 MPH)
Nick Solberg to third
Steve Haskins to second
Batting: RHB Vinny Luna 0-0: Foul Ball, location: 2F
0-1: Fly out, F8 (Flyball, 78M, EV 86.9 MPH)
Top of the 4th over - 1 run, 2 hits, 0 errors, 3 left on base; High Desert 4 - Rancho Cucamonga 1
BOTTOM OF THE 4TH
Rancho Cucamonga Quakes batting - Pitching for High Desert Mavericks : RHP Chris Wood
Batting: RHB Steve Perez 0-0: Ball
1-0: Swinging Strike
1-1: Called Strike
1-2: Strikes out swinging
Batting: RHB Tommie Lee 0-0: Ball
1-0: Fly out, F8 (Flyball, 89M, EV 90.0 MPH)
Batting: RHB Steven Romanovsky 0-0: Foul Ball, location: 2F
0-1: Ball
1-1: Called Strike
1-2: Strikes out looking
Bottom of the 4th over - 0 runs, 0 hits, 0 errors, 0 left on base; High Desert 4 - Rancho Cucamonga 1
TOP OF THE 5TH
High Desert Mavericks batting - Pitching for Rancho Cucamonga Quakes : LHP J.P. Blair
Batting: RHB David Fernandez 0-0: Called Strike
0-1: Swinging Strike
0-2: Ball
1-2: Ball
2-2: Foul Ball, location: 2F
2-2: Strikes out swinging
Batting: RHB Jason Swisher 0-0: Foul Ball, location: 2F
0-1: Ball
1-1: SINGLE (Line Drive, 3D, EV 106.2 MPH)
Batting: RHB Luis Reyna 0-0: Called Strike
0-1: Ball
1-1: Swinging Strike
1-2: Foul Ball, location: 2F
1-2: Strikes out swinging
Batting: RHB Andres Valles 0-0: Foul Ball, location: 2F
0-1: Ball
1-1: Called Strike
Jason Swisher is caught stealing 2nd base 2-4
Top of the 5th over - 0 runs, 1 hit, 0 errors, 0 left on base; High Desert 4 - Rancho Cucamonga 1
BOTTOM OF THE 5TH
Rancho Cucamonga Quakes batting - Pitching for High Desert Mavericks : RHP Chris Wood
Batting: SHB Justin Toth 0-0: Called Strike
0-1: SOLO HOME RUN (Flyball, 9D, EV 98.8 MPH), Distance : 372 ft
Batting: RHB Mike Dodson 0-0: Ball
1-0: Swinging Strike
1-1: Ball
2-1: Ball
3-1: Swinging Strike
3-2: Ground out 6-3 (Groundball, 6, EV 85.0 MPH)
Batting: RHB Daniel Samano 0-0: Ball
1-0: Called Strike
1-1: Called Strike
1-2: Ball
2-2: Strikes out swinging
Batting: RHB John Piccolo 0-0: Ground out 2-3 (Groundball, 15S, EV 70.6 MPH)
Bottom of the 5th over - 1 run, 1 hit, 0 errors, 0 left on base; High Desert 4 - Rancho Cucamonga 2
TOP OF THE 6TH
High Desert Mavericks batting - Pitching for Rancho Cucamonga Quakes : LHP J.P. Blair
Pitching: RHP Nobuharu Kobayashi
Batting: RHB Andres Valles 0-0: Swinging Strike
0-1: Swinging Strike
0-2: Ball
1-2: Ball
2-2: Foul Ball, location: 2F
2-2: Foul Ball, location: 2F
2-2: Strikes out swinging
Batting: RHB Zach Koblinski 0-0: Foul Ball, location: 2F
0-1: Swinging Strike
0-2: Strikes out swinging
Batting: RHB Nick Solberg 0-0: Swinging Strike
0-1: Ball
1-1: Ball
2-1: Swinging Strike
2-2: Fly out, F9 (Flyball, 9, EV 86.9 MPH)
Top of the 6th over - 0 runs, 0 hits, 0 errors, 0 left on base; High Desert 4 - Rancho Cucamonga 2
BOTTOM OF THE 6TH
Rancho Cucamonga Quakes batting - Pitching for High Desert Mavericks : RHP Chris Wood
Batting: RHB Jorge Benites 0-0: SINGLE (Groundball, 6M, EV 108.1 MPH) (infield hit)
Batting: RHB Ryan Alban 0-0: Called Strike
0-1: Ball
1-1: Ball
2-1: Fly out, F7 (Flyball, 7LS, EV 91.9 MPH)
Batting: RHB Steve Perez 0-0: Called Strike
0-1: Ball
1-1: Foul Ball, location: 2F
1-2: Ball
2-2: Ball
3-2: Reached on error, E8 (Flyball, 89M, EV 90.0 MPH)
Jorge Benites to second
Batting: RHB Tommie Lee 0-0: Ball
1-0: Swinging Strike
1-1: Grounds into double play, 6-4-3 (Groundball, 56, EV 105.6 MPH)
Bottom of the 6th over - 0 runs, 1 hit, 1 error, 1 left on base; High Desert 4 - Rancho Cucamonga 2
TOP OF THE 7TH
High Desert Mavericks batting - Pitching for Rancho Cucamonga Quakes : RHP Nobuharu Kobayashi
Batting: RHB Steve Haskins 0-0: Ball
1-0: Ball
2-0: Ball
3-0: SINGLE (Groundball, 34S, EV 73.1 MPH) (infield hit)
Batting: RHB Reilly Hawkins 0-0: Sac Bunt to 25 - play at first, batter OUT! 5-3
Steve Haskins to second
Batting: RHB Vinny Luna 0-0: Called Strike
0-1: Fly out, F7 (Flyball, 78S, EV 88.1 MPH)
Pitching: RHP Adam Bucci
Batting: RHB David Fernandez 0-0: Foul Ball, location: 2F
0-1: Foul Ball, location: 2F
0-2: Ball
1-2: Ground out 4-3 (Groundball, 4, EV 84.4 MPH)
Top of the 7th over - 0 runs, 1 hit, 0 errors, 1 left on base; High Desert 4 - Rancho Cucamonga 2
BOTTOM OF THE 7TH
Rancho Cucamonga Quakes batting - Pitching for High Desert Mavericks : RHP Chris Wood
Batting: RHB Steven Romanovsky 0-0: Foul Ball, location: 2F
0-1: Foul Ball, location: 2F
0-2: Ball
1-2: Foul Ball, location: 2F
1-2: Ball
2-2: Ground out 4-3 (Groundball, 6MD, EV 81.9 MPH)
Pitching: LHP Paul Gill
Batting: SHB Justin Toth 0-0: Ground out 6-3 (Groundball, 56, EV 86.2 MPH)
Batting: RHB Mike Dodson 0-0: Ball
1-0: Foul Ball, location: 2F
1-1: Fly out, F8 (Flyball, 78M, EV 89.4 MPH)
Bottom of the 7th over - 0 runs, 0 hits, 0 errors, 0 left on base; High Desert 4 - Rancho Cucamonga 2
TOP OF THE 8TH
High Desert Mavericks batting - Pitching for Rancho Cucamonga Quakes : RHP Adam Bucci
Batting: RHB Jason Swisher 0-0: Ball
1-0: Ball
2-0: Called Strike
2-1: Ball
3-1: Fly out, F7 (Flyball, 7D, EV 85.6 MPH)
Batting: RHB Luis Reyna 0-0: Ball
1-0: Called Strike
1-1: Ball
2-1: Ball
3-1: Fly out, F8 (Flyball, 8RM, EV 66.9 MPH)
Batting: RHB Andres Valles 0-0: Called Strike
0-1: Swinging Strike
0-2: SINGLE (Groundball, 34, EV 95.0 MPH)
Batting: RHB Zach Koblinski 0-0: Fly out, F9 (Flyball, 89S, EV 91.9 MPH)
Top of the 8th over - 0 runs, 1 hit, 0 errors, 1 left on base; High Desert 4 - Rancho Cucamonga 2
BOTTOM OF THE 8TH
Rancho Cucamonga Quakes batting - Pitching for High Desert Mavericks : LHP Paul Gill
Batting: RHB Daniel Samano 0-0: Ground out 6-3 (Groundball, 56, EV 100.0 MPH)
Batting: RHB John Piccolo 0-0: Called Strike
0-1: Swinging Strike
0-2: Strikes out swinging
Batting: RHB Jorge Benites 0-0: Foul Ball, location: 2F
0-1: SINGLE (Groundball, 34D, EV 95.6 MPH)
Batting: RHB Ryan Alban 0-0: Swinging Strike
0-1: Fly out, F8 (Flyball, 8RXD, EV 109.4 MPH)
Bottom of the 8th over - 0 runs, 1 hit, 0 errors, 1 left on base; High Desert 4 - Rancho Cucamonga 2
TOP OF THE 9TH
High Desert Mavericks batting - Pitching for Rancho Cucamonga Quakes : RHP Adam Bucci
Batting: RHB Nick Solberg 0-0: Called Strike
0-1: Ball
1-1: Ball
2-1: Called Strike
2-2: Foul Ball, location: 2F
2-2: Ball
3-2: Foul Ball, location: 2F
3-2: Fly out, F9 (Flyball, 9LM, EV 99.4 MPH)
Batting: RHB Steve Haskins 0-0: Called Strike
0-1: Called Strike
0-2: Ball
1-2: Ball
2-2: Strikes out swinging
Batting: RHB Reilly Hawkins 0-0: Foul Ball, location: 2F
0-1: Called Strike
0-2: Strikes out swinging
Top of the 9th over - 0 runs, 0 hits, 0 errors, 0 left on base; High Desert 4 - Rancho Cucamonga 2
BOTTOM OF THE 9TH
Rancho Cucamonga Quakes batting - Pitching for High Desert Mavericks : LHP Paul Gill
Pitching: LHP Alex Boites
Batting: RHB Steve Perez 0-0: Swinging Strike
0-1: Ball
1-1: Swinging Strike
1-2: Ground out 6-3 (Groundball, 56D, EV 91.9 MPH)
Batting: RHB Tommie Lee 0-0: Called Strike
0-1: Ball
1-1: Swinging Strike
1-2: Ball
2-2: Fly out, F8 (Flyball, 8RXD, EV 99.4 MPH)
Batting: RHB Steven Romanovsky 0-0: Called Strike
0-1: Foul Ball, location: 2F
0-2: Ball
1-2: Foul Ball, location: 2F
1-2: Strikes out swinging
Bottom of the 9th over - 0 runs, 0 hits, 0 errors, 0 left on base; High Desert 4 - Rancho Cucamonga 2
Tuesday, September 13th , 2022 - OOTP Baseball 23.7 Build 88